 Dungeon Crawl Stone Soup version 0.30.0-15-g856e2d3f33 (webtiles) character file.

Game seed: 7076209268415470756

3496 Sobieck the Thaumaturge (level 9, -2/41 HPs)
             Began as a Spriggan Earth Elementalist on May 19, 2023.
             Was an Initiate of Wu Jian.
             Slain by a two-headed ogre
             ... wielding a +0 giant spiked club
              (12 damage)
             ... on level 8 of the Dungeon.
             The game lasted 00:26:10 (8737 turns).

Sobieck the Thaumaturge (SpEE)                      Turns: 8737, Time: 00:26:11

Health: -2/41      AC:  6    Str:  4    XL:     9   Next: 80%
Magic:  15/23      EV: 21    Int: 18    God:    Wu Jian [......]
Gold:   431        SH:  0    Dex: 18    Spells: 16/26 levels left

rFire   + . .        a - +3 dagger (heavy) {short}
rCold   + . .        (no shield)
rNeg    . . .        v - +2 robe {rC+ rF+}
rPois   .            (helmet restricted)
rElec   .            o - +1 cloak {Will+}
rCorr   .            (gloves unavailable)
SInv    +            (boots unavailable)
Will    ++...        (no amulet)
Stlth   ++++         q - +4 ring of slaying
HPRegen 0.26/turn    k - +4 ring of slaying
MPRegen 0.18/turn

%: no passive effects
@: very quick
A: very small, no large weapons, unfitting armour, see invisible, speed 3
a: Renounce Religion


You were on level 8 of the Dungeon.
You worshipped Wu Jian.
Wu Jian was noncommittal.
You visited 2 branches of the dungeon, and saw 9 of its levels.
You also visited: Sewer.

You collected 431 gold pieces.


Innate Abilities, Weirdness & Mutations

You are very small and have problems with some larger weapons.
You are too small for most types of armour.
You have supernaturally acute eyesight. (SInv)
You cover ground extremely quickly. (Speed+++)


   Skills:
 + Level 1.1 Fighting
 + Level 1.7 Short Blades
 + Level 6.4 Dodging
 + Level 8.5 Stealth
 + Level 0.2 Shields
 + Level 9.2 Spellcasting
 + Level 6.4 Transmutations
 - Level 8.0 Earth Magic


You had 16 spell levels left.
You knew the following spells:

 Your Spells              Type           Power      Damage    Failure   Level
a - Sandblast             Erth           74%        2d16      1%          1
b - Passwall              Tmut/Erth      28%        N/A       1%          2
c - Petrify               Tmut/Erth      34%        N/A       4%          4
d - Stone Arrow           Conj/Erth      44%        3d9       4%          3

Your spell library contained the following spells:

 Spells                   Type           Power      Damage    Failure   Level
 Spider Form              Tmut/Pois      19%        N/A       7%          3
 Sublimation of Blood     Necr           8%         N/A       13%         2
 Blade Hands              Tmut           15%        N/A       17%         5
 Ice Form                 Ice/Tmut       19%        N/A       22%         4
 Frozen Ramparts          Ice            16%        1d3       26%         3
 Portal Projectile        Hex/Tloc       16%        N/A       26%         3
 Tukima's Dance           Hex            8%         N/A       26%         3
 Summon Ice Beast         Ice/Summ       8%         N/A       65%         4
 Necromutation            Tmut/Necr      9%         N/A       100%        8

Inventory:

Hand Weapons
 a - a +3 heavy dagger (weapon) {short}
   (You took it off a kobold on level 4 of the Dungeon)
 b - a +0 dagger of holy wrath {short}
   (You took it off a goblin on level 1 of the Dungeon)
 c - a +0 whip {mace}
   (You found it on level 1 of the Dungeon)
 d - a +0 dagger {short}
   (You took it off a kobold on level 1 of the Dungeon)
Missiles
 e - 72 stones {throwing}
 n - 4 curare-tipped darts {=fthrowing}
 G - a boomerang {throwing}
Armour
 i - a +0 robe
 m - a +0 robe
   (You found it on level 5 of the Dungeon)
 o - a +1 cloak of willpower (worn)
   (You took it off Crazy Yiuf on level 5 of the Dungeon)
 r - a +0 robe
   (You took it off an orc wizard on level 5 of the Dungeon)
 u - a +0 robe
   (You took it off an orc wizard on level 5 of the Dungeon)
 v - a +2 robe of resistance (worn)
   (You took it off an orc wizard on level 5 of the Dungeon)
 w - a +0 animal skin
   (You took it off Robin on level 3 of the Dungeon)
 C - a +0 robe
   (You took it off Sigmund on level 4 of the Dungeon)
 F - a +0 robe
   (You took it off an orc wizard on level 4 of the Dungeon)
 H - a +0 robe
   (You took it off an orc wizard on level 4 of the Dungeon)
 I - a +0 robe
   (You took it off an orc wizard on level 5 of the Dungeon)
 K - a +2 robe of fire resistance
   (You took it off Blork the orc on level 5 of the Dungeon)
 M - +0 steam dragon scales
   (You found it on level 6 of the Dungeon)
 N - +0 steam dragon scales
   (You found it on level 6 of the Dungeon)
 O - a +0 robe
   (You took it off an orc wizard on level 6 of the Dungeon)
 P - a +0 robe
   (You took it off an orc wizard on level 6 of the Dungeon)
 V - a +0 buckler
   (You took it off a gnoll sergeant on level 7 of the Dungeon)
Jewellery
 g - a ring of resist corrosion
   (You found it on level 1 of the Dungeon)
 k - a +4 ring of slaying (right hand)
   (You found it on level 5 of the Dungeon)
 q - a +4 ring of slaying (left hand)
   (You found it on level 2 of the Dungeon)
 L - a +6 ring of dexterity
   (You found it on level 6 of the Dungeon)
Wands
 j - a wand of polymorph (11)
   (You found it on level 1 of the Dungeon)
 Q - a wand of paralysis (9)
   (You found it on level 7 of the Dungeon)
 R - a wand of quicksilver (4)
   (You found it on level 8 of the Dungeon)
Scrolls
 l - a scroll of fog
 p - a scroll of amnesia
 s - 7 scrolls of teleportation {@r4}
 y - 4 scrolls of summoning
 J - a scroll of noise {unknown}
 S - a scroll of fear
 U - a scroll of enchant weapon {unknown}
 W - a scroll of poison {!r}
Potions
 f - 8 potions of curing {@q1}
 h - a potion of lignification {!q}
 t - a potion of resistance {unknown}
 x - 3 potions of brilliance
 z - a potion of haste {@q3}
 A - 7 potions of flight
 B - 2 potions of might {unknown}
 D - a potion of magic
 E - a potion of berserk rage {unknown}
 T - a potion of attraction {unknown}

Dungeon Overview and Level Annotations

Branches:
Dungeon (8/15) Zot: 26297  Temple (1/1) D:7 Zot: 5942   Sewer (visited)
   Lair: D:8-11

Altars:
Ashenzari
Cheibriados
Dithmenos
Elyvilon
Fedhas
Gozag
Hepliaklqana
Kikubaaqudgha
Makhleb
Nemelex Xobeh
Ru
Sif Muna
Uskayaw
Vehumet
Wu Jian
Xom
Yredelemnul
Zin
The Shining One

Shops:
D:3 :   D:8 (

Annotations:
D:4 Ghost that needs death

#.....)..'........ .#
#....>...#........
.........#........#..#.....
..#.#....#........#........
..._..##.#........#........
..#.####.#........'.#......
..#.####.#........#.......
.........##########......
#...............@O...#
#............#####...#
########.##.## #.#.# #
#...##.# #.#... #
#.####.######.##### #
#..........##.# #
#####.####.##.# #.# #.##.#
#.# #.##.#


You could see a two-headed ogre (petrifying).


Message History

The blast of sand hits the gnoll bouda!
The gnoll misses you.
The gnoll bouda utters an invocation to its god.
The gnoll bouda is healed somewhat.
The gnoll misses you.
You climb upwards.
There is a stone staircase leading down here.
Unknown command.
Unknown command.
The blast of sand hits the gnoll bouda!
You kill the gnoll bouda!
The Council accepts your kill.
Unknown command.
Unknown command.
You start resting.
You start resting.
Unknown command.
You climb downwards.
The gnoll barely misses you. The gnoll closely misses you.
There is a stone staircase leading up here.
Danger!
Unknown command.
Unknown command.
The blast of sand hits the gnoll.
The gnoll barely misses you.
Unknown command.
The blast of sand hits the gnoll!
You kill the gnoll!
The Council accepts your kill.
Unknown command.
Unknown command.
Unknown command.
Danger!
Things that are here:
a +0 spear {polearm}; a +0 spear {polearm} The centaur shouts!
The centaur shoots an arrow.
The arrow completely misses you.
Unknown command.
Unknown command.
Unknown command.
Unknown command.
The blast of sand hits the gnoll.
The centaur shoots an arrow.
The arrow hits you.
Unknown command.
The blast of sand hits the gnoll!
You kill the gnoll!
The Council accepts your kill.
The centaur shoots an arrow.
The arrow hits you.
Unknown command.
The blast of sand hits the centaur!
The centaur shoots an arrow.
The arrow closely misses you.
The centaur shoots an arrow.
The arrow barely misses you.
The centaur shoots an arrow.
The arrow completely misses you.
Unknown command.
The blast of sand hits the centaur!
You kill the centaur!
The Council accepts your kill.
Unknown command.
Unknown command.
You start resting.
Unknown command.
You start resting.
Unknown command.
There is an open door, spattered with blood here.
Unknown command.
Unknown command.
Unknown command.
There is an open door, spattered with blood here.
There is a broken altar of Ashenzari here.
You now have 431 gold pieces (gained 12).
A two-headed ogre comes into view.
It is wielding a +0 giant spiked club and a +0 giant club.
Danger!
Unknown command.
Unknown command.
Unknown command.
Unknown command.
You can't see any susceptible monsters within range! (Use Z to cast anyway.) Unknown command.
Unknown command.
The blast of sand hits the two-headed ogre!!
The two-headed ogre shouts in stereo!
Unknown command.
Casting: Sandblast (safe; 1% risk of failure)
Confirm with . or Enter, or press ? or * to list all spells.
Aiming: Petrify (dangerous; 4% risk of failure)
Press: ? - help, Shift-Dir - straight line, f/p - two-headed ogre
Aim: a two-headed ogre, wielding a +0 giant spiked club and a +0 giant club (moderately wounded, chance to affect: 45%)
The two-headed ogre resists with some effort.
Casting: Petrify (dangerous; 4% risk of failure)
Confirm with . or Enter, or press ? or * to list all spells.
Aiming: Petrify (dangerous; 4% risk of failure)
Press: ? - help, Shift-Dir - straight line, f/p - two-headed ogre
Aim: a two-headed ogre, wielding a +0 giant spiked club and a +0 giant club (moderately wounded, chance to affect: 45%)
The two-headed ogre is moving more slowly.
Unknown command.
You lunge at the two-headed ogre, but your attack speed is too slow for a blow to land.
The two-headed ogre hits you with a +0 giant spiked club!
The two-headed ogre closely misses you.
Unknown command.
You puncture the two-headed ogre!
The two-headed ogre hits you with a +0 giant spiked club!!
* * * LOW HITPOINT WARNING * * *
The two-headed ogre hits you with a +0 giant club!
You die...

Skill      XL: |  1  2  3  4  5  6  7  8  9 |
---------------+----------------------------+-----
Dodging        | 3 4 5 6 |  6.4
Spellcasting   | 3 4 5 7 9 |  9.2
Transmutations | 2 3 4 5 6 |  6.4
Earth Magic    | 3 4 6 8 |  8.0
Stealth        | 4 5 6 7 8 |  8.5
Short Blades   | 1 |  1.7
Fighting       | 1 |  1.1
Shields        | |  0.2

Action                     |  1- 3 |  4- 6 |  7- 9 || total
---------------------------+-------+-------+-------++-------
  Melee: Dagger            |    32 |    86 |    55 ||   173
         Punch             |       |     1 |       ||     1
   Cast: Sandblast         |    42 |   118 |   144 ||   304
         Passwall          |     1 |       |    11 ||    12
         Petrify           |       |       |     7 ||     7
         Stone Arrow       |       |       |     1 ||     1
Ability: Lunge             |       |       |     2 ||     2
    Use: Scroll            |       |       |    13 ||    13
         Potion            |       |       |     1 ||     1
   Stab: Sleeping          |     8 |    10 |    18 ||    36
         Petrified         |       |       |     5 ||     5
 Armour: Robe              |     4 |    10 |    11 ||    25
  Dodge: Dodged            |    40 |   131 |   116 ||   287

Levels and vault maps discovered:
D:1:      psy_arrival_spokes, layout_loops_ring, dk_noncrumbling_3,
          dk_noncrumbling_4
D:2:      layout_basic, chequers_mini_garden
D:3:      layout_rooms, lightli_sewer_entry_pipes, serial_shops,
          nicolae_square_shop, palyth_stone_intersect, uniq_robin
D:4:      layout_cave_pools, lemuel_crystal_altar, tso_altar,
          nicolae_ru_awakened_eye, nicolae_overflow_two_pavilions,
          hangedman_decor_clover_reticule, uniq_sigmund
D:5:      layout_basic, mainiacjoe_overflow_cross_hatched, nrook_mini_vaults,
          minmay_puff, uniq_blork_the_orc, uniq_crazy_yiuf_cottage
D:6:      layout_layer_cave, chequers_serial_rivers_room_b, roderic_lattice_a,
          uniq_menkaure
D:7:      layout_basic, minmay_temple_entry_junction
D:8:      layout_basic, lemuel_crystal_altar, okawaru_altar_gauntlet_db,
          serial_shops, shop, minivault_25, hangedman_decor_points,
          minmay_shop_damaged
Temple:   minmay_temple_bridge_abc

Notes
Turn   | Place    | Note
-------+----------+-------------------------------------------
     0 | D:1      | Sobieck the Spriggan Earth Elementalist began the quest for
                  | the Orb.
     0 | D:1      | Reached XP level 1. HP: 9/9 MP: 5/5
   148 | D:1      | You pick up a book of Weapons and begin reading...
   148 | D:1      | You add the spells Tukima's Dance, Portal Projectile and
                  | Blade Hands to your library.
   272 | D:1      | Reached XP level 2. HP: 13/13 MP: 4/6
   346 | D:1      | Reached skill level 3 in Dodging
   427 | D:1      | Reached skill level 3 in Spellcasting
   511 | D:1      | Reached skill level 2 in Transmutations
   663 | D:1      | Learned a level 2 spell: Passwall
   916 | D:1      | Reached XP level 3. HP: 14/16 MP: 8/8
  1118 | D:2      | You pick up a book of Rime and begin reading...
  1118 | D:2      | You add the spells Frozen Ramparts, Ice Form and Summon Ice
                  | Beast to your library.
  1287 | D:2      | Reached skill level 3 in Earth Magic
  1357 | D:2      | You add the spells Sublimation of Blood, Spider Form and
                  | Necromutation to your library.
  1357 | D:2      | Got the Verses on the Gestalt and the Undead
  1402 | D:2      | Reached skill level 4 in Stealth
  1691 | D:3      | Noticed a bullfrog
  1695 | D:3      | Killed a bullfrog
  1696 | D:3      | Reached XP level 4. HP: 21/21 MP: 3/10
  1760 | D:3      | Reached skill level 3 in Transmutations
  1799 | D:3      | Noticed Robin
  1831 | D:3      | Killed Robin
  1832 | D:3      | Reached XP level 5. HP: 21/24 MP: 6/11
  2233 | D:3      | Found Miamolem's Book Emporium.
  2267 | D:3      | Reached skill level 4 in Dodging
  2346 | D:3      | Reached skill level 5 in Stealth
  2456 | D:3      | Reached skill level 4 in Spellcasting
  2497 | D:3      | Found a glowing drain.
  2504 | Sewer    | Entered a sewer
  2631 | Sewer    | Reached XP level 6. HP: 15/28 MP: 9/13
  3306 | D:4      | Reached skill level 4 in Transmutations
  3402 | D:4      | Found a hide-covered altar of Uskayaw.
  3402 | D:4      | Found a shimmering altar of Xom.
  3507 | D:4      | Found a glowing golden altar of the Shining One.
  3666 | D:4      | Found a hazy altar of Hepliaklqana.
  3675 | D:4      | Noticed Sigmund
  3691 | D:4      | Reached skill level 4 in Earth Magic
  3695 | D:4      | Killed Sigmund
  3696 | D:4      | Reached skill level 5 in Dodging
  3696 | D:4      | Reached skill level 6 in Stealth
  3696 | D:4      | Reached XP level 7. HP: 25/32 MP: 2/15
  3900 | D:4      | Found a sacrificial altar of Ru.
  3984 | D:4      | Reached skill level 5 in Spellcasting
  4070 | D:5      | Entered Level 5 of the Dungeon
  4075 | D:5      | Reached skill level 5 in Transmutations
  4482 | D:5      | Found a basalt altar of Yredelemnul.
  4513 | D:5      | Reached skill level 7 in Stealth
  4549 | D:5      | Found a runed translucent door.
  4550 | D:5      | Noticed Crazy Yiuf
  4650 | D:5      | Killed Crazy Yiuf
  4757 | D:5      | Reached skill level 6 in Dodging
  4757 | D:5      | Reached XP level 8. HP: 36/36 MP: 17/17
  5027 | D:5      | Noticed Blork the orc
  5049 | D:5      | Reached skill level 6 in Transmutations
  5049 | D:5      | Reached skill level 5 in Earth Magic
  5066 | D:5      | Killed Blork the orc
  5067 | D:5      | Reached skill level 8 in Stealth
  5067 | D:5      | Reached skill level 6 in Spellcasting
  5767 | D:6      | Reached skill level 7 in Spellcasting
  5816 | D:6      | Noticed Menkaure
  5825 | D:6      | Killed Menkaure
  5826 | D:6      | Reached skill level 6 in Earth Magic
  5920 | D:6      | Reached XP level 9. HP: 39/39 MP: 18/21
  5925 | D:6      | Learned a level 4 spell: Petrify
  6472 | D:6      | Reached skill level 8 in Spellcasting
  6806 | D:6      | Reached skill level 7 in Earth Magic
  7283 | D:7      | Reached skill level 9 in Spellcasting
  7480 | D:7      | Reached skill level 8 in Earth Magic
  7571 | D:7      | Found a staircase to the Ecumenical Temple.
  7581 | Temple   | Entered the Ecumenical Temple
  7639 | Temple   | Became a worshipper of the Wu Jian Council
  7755 | D:7      | You fall into a shaft and drop 1 floor!
  7955 | D:7      | Reached skill level 1 in Short Blades
  8152 | D:7      | Learned a level 3 spell: Stone Arrow
  8309 | D:7      | Reached skill level 1 in Fighting
  8547 | D:8      | Found Rypn's Antique Weapon Emporium.
  8585 | D:8      | Found a broken altar of Ashenzari.
  8723 | D:8      | Noticed a two-headed ogre
  8737 | D:8      | HP: 10/41 [two-headed ogre/+0 giant spiked club (20)]
  8737 | D:8      | Slain by a two-headed ogre

Vanquished Creatures
  Sigmund (D:4)
  A wyvern (D:7)
  2 steam dragons (D:6)
  Menkaure (D:6)
  A water moccasin (D:5)
  A black bear (D:5)
  2 orc warriors
  An ice beast (D:6)
  A sky beast (D:7)
  5 centaurs
  3 phantoms
  Blork the orc (D:5)
  2 bullfrogs
  A scorpion (D:5)
  A gnoll sergeant (D:7)
  5 killer bees (D:6)
  A howler monkey (D:5)
  4 hounds
  A jelly (D:6)
  Crazy Yiuf (D:5)
  An orc priest (D:7)
  A gnoll bouda (D:7)
  3 iguanas
  2 sleepcaps
  8 orc wizards
  A sickly merfolk siren (Sewer)
  A malarious merfolk avatar (Sewer)
  Robin (D:3)
  9 gnolls
  11 adders
  8 river rats
  2 shadow imps (D:7)
  2 white imps
  An ufetubus (D:5)
  5 worms
  A dart slug (D:3)
  16 orcs
  9 ball pythons
  4 bats
  6 endoplasms
  4 giant cockroaches
  15 goblins
  10 hobgoblins
  6 quokkas
  2 frilled lizards
  10 kobolds
  32 rats
207 creatures vanquished.

Table legend:
 A = Non-vault XP
 B = Vault XP
 C = Vault XP percentage of total XP
 D = Non-vault monster count
 E = Vault monster count
 F = Vault count percentage of total count
                 A         B        C        D         E       F
            +---------+---------+-------+---------+---------+-------
      Total |    3995 |    1000 |  20.0 |     135 |      72 |  34.8
            +---------+---------+-------+---------+---------+-------
        D:1 |      41 |       0 |   0.0 |      24 |       0 |   0.0
        D:2 |      35 |       8 |  18.6 |      12 |       4 |  25.0
        D:3 |     135 |     115 |  46.0 |      13 |      20 |  60.6
        D:4 |     270 |     223 |  45.2 |      21 |       1 |   4.5
        D:5 |     850 |     286 |  25.2 |      17 |       6 |  26.1
        D:6 |    1267 |     169 |  11.8 |      20 |       1 |   4.8
        D:7 |    1242 |       0 |   0.0 |      24 |       0 |   0.0
        D:8 |     155 |       0 |   0.0 |       4 |       0 |   0.0
      Sewer |       0 |     199 | 100.0 |       0 |      40 | 100.0
            +---------+---------+-------+---------+---------+-------

Skill      XL: |  1  2  3  4  5  6  7  8  9 |
---------------+----------------------------+-----
Dodging        | 3 4 5 6 |  6.4
Spellcasting   | 3 4 5 7 9 |  9.2
Transmutations | 2 3 4 5 6 |  6.4
Earth Magic    | 3 4 6 8 |  8.0
Stealth        | 4 5 6 7 8 |  8.5
Short Blades   | 1 |  1.7
Fighting       | 1 |  1.1
Shields        | |  0.2

Action                     |  1- 3 |  4- 6 |  7- 9 || total
---------------------------+-------+-------+-------++-------
  Melee: Dagger            |    32 |    86 |    55 ||   173
         Punch             |       |     1 |       ||     1
   Cast: Sandblast         |    42 |   118 |   144 ||   304
         Passwall          |     1 |       |    11 ||    12
         Petrify           |       |       |     7 ||     7
         Stone Arrow       |       |       |     1 ||     1
Ability: Lunge             |       |       |     2 ||     2
    Use: Scroll            |       |       |    13 ||    13
         Potion            |       |       |     1 ||     1
   Stab: Sleeping          |     8 |    10 |    18 ||    36
         Petrified         |       |       |     5 ||     5
 Armour: Robe              |     4 |    10 |    11 ||    25
  Dodge: Dodged            |    40 |   131 |   116 ||   287

Illustrated notes

Table legend:
 A = Kills in this place as a percentage of kills in the entire game.
 B = Kills by you in this place as a percentage of kills by you in the entire game.
 C = Kills by friends in this place as a percentage of kills by friends in the entire game.
 D = Other kills in this place as a percentage of other kills in the entire game.
 E = Experience gained in this place as a percentage of experience gained in the entire game.
 F = Experience gained in this place divided by the number of levels of this place that you have seen.
                   A       B       C       D       E      F
               +-------+-------+-------+-------+-------+----------------------
         Total | 100.0 | 100.0 |   N/A |   N/A | 100.0 | 499.5
       Dungeon |  80.7 |  80.7 |   N/A |   N/A |  96.0 | 599.5
         Sewer |  19.3 |  19.3 |   N/A |   N/A |   4.0 | 199.0
               +-------+-------+-------+-------+-------+----------------------

Table legend: (Time is in decaauts)
 A = Elapsed time spent in this place.
 B = Non-inter-level travel time spent in this place.
 C = Inter-level travel time spent in this place.
 D = Time resting spent in this place.
 E = Time spent auto-exploring this place.
 F = Levels seen in this place.
 G = Mean time per level.
                   A        B        C        D        E       F      G
               +--------+--------+--------+--------+--------+-----+--------+
         Total |   6622 |   6485 |    137 |    876 |   3834 |  10 |  662.2 |
       Dungeon |   5945 |   5830 |    115 |    683 |   3682 |   8 |  743.1 |
        Temple |     57 |     36 |     21 |      0 |     19 |   1 |   57.0 |
         Sewer |    619 |    619 |      0 |    193 |    132 |   1 |  619.0 |
               +--------+--------+--------+--------+--------+-----+--------+

Top non-repeatable levels by time:
     D:6: 1134 daAuts
     D:5: 1045 daAuts
     D:7: 876 daAuts
     D:4: 734 daAuts
     D:1: 719 daAuts
     D:3: 664 daAuts
   Sewer: 619 daAuts
     D:2: 605 daAuts
     D:8: 165 daAuts
  Temple: 57 daAuts
